 Dungeon Crawl Stone Soup version 0.29.0-4-gdea44cf6ec (webtiles) character file.

Game seed: 11506346939042793447

11 qw the Chopper (level 2, -7/24 HPs)
             Began as a Barachi Chaos Knight on Sept 4, 2022.
             Mangled by a hellwing (13 damage)
             ... summoned by Xom
             ... on level 1 of the Dungeon.
             The game lasted 00:00:13 (379 turns).

qw the Chopper (Barachi Chaos Knight)                Turns: 379, Time: 00:00:14

Health: -7/24      AC:  5    Str: 13    XL:     2   Next: 29%
Magic:  2/2        EV: 11    Int: 12    God:
Gold:   85         SH:  0    Dex: 11    Spells: 1/1 levels left

rFire   . . .      SeeInvis .   a - +0 hand axe (chaos)
rCold   . . .      Faith    .   (no shield)
rNeg    . . .      Spirit   .   b - +2 leather armour
rPois   .          Reflect  .   (no helmet)
rElec   .          Harm     .   (no cloak)
rCorr   .          Rampage  .   (no gloves)
Will    .....                   (no boots)
Stlth   +.........              (no amulet)
HPRegen 0.08/turn               (no ring)
MPRegen 0.08/turn               (no ring)

@: slow
A: amphibious, slowness 1, strong legs 1, +LOS
a: Hop


You were on level 1 of the Dungeon.
You visited 1 branch of the dungeon, and saw 1 of its levels.

You collected 85 gold pieces.


Innate Abilities, Weirdness & Mutations

You are amphibious.
You cover ground slowly.
You can hop short distances.
You have an extended range of vision and can be seen from far away.


   Skills:
 - Level 3.6 Fighting
 + Level 4.1 Axes
 - Level 2.4 Armour
 - Level 1.1 Dodging


You had one spell level left.
You didn't know any spells.
Your spell library was empty.

Inventory:

Hand Weapons
 a - a +0 hand axe of chaos (weapon)
 k - a +0 flail
Armour
 b - a +2 leather armour (worn)
 g - a +2 helmet
Scrolls
 f - a scroll of teleportation {unknown}
 h - a scroll of amnesia {unknown}
 i - a scroll of immolation {unknown}
 j - 2 scrolls of identify {unknown}
 l - a scroll of poison {unknown}
Potions
 d - a potion of ambrosia {unknown}
 e - a potion of degeneration {unknown}
Miscellaneous
 c - a piece from Xom's chessboard (15/15)

Dungeon Overview and Level Annotations

Branches:
Dungeon (1/15)

Altars:


Message History

Things that are here:
a +0 club; a hobgoblin corpse; a dart slug corpse You now have 59 gold pieces (gained 18).
Found a stone staircase leading down.
Enter note: A rat comes into view.
You barely miss the rat. The rat closely misses you.
You slash the rat!
You kill the rat!
You see here a rat corpse.
k - a +0 flail
Found a short sword.
340 ||| DROPPING +0 club.
You drop a +0 club.
You now have 69 gold pieces (gained 10).
Found an escape hatch in the floor.
Enter note: A kobold comes into view. It is wielding a +0 club.
The kobold shouts!
You hit the kobold but do no damage. The kobold closely misses you.
You hit the kobold but do no damage. The kobold hits you but does no damage.
You hit the kobold.
You kill the kobold!
Things that are here:
a +0 club; a kobold corpse
Found a stone staircase leading down.
Found a dagger.
e - a murky blue potion
l - a scroll labelled SAUSYT TAITSUL You now have 85 gold pieces (gained 16). "Time to have some fun!"
An iron imp comes into view.
You hit the hellwing but do no damage.
The hellwing seems to grow stronger.
The hellwing closely misses you. The hellwing hits you!
You hit the hellwing but do no damage. You closely miss the crimson imp.
The crimson imp completely misses you. The hellwing hits you! x2
Ouch! That really hurt!
You die...

#...).# #..##.# ..###.#
##.##.# #############
.####.# ##.....#.....##
#.#.#.###.............##
##.##.##...............#
####..)#.........5)....#
# #....#.......4@4.....#
#....#..........5....#
###...)...............#
.......#...............#
#####.................##
.............>......##
#######.............##
#######...>.#..#
#.....##.#


You could see a hellwing (summoned, strong), a rust devil (summoned), an iron
imp (summoned) and a crimson imp (summoned).

Vanquished Creatures
  A dart slug (D:1)
  An endoplasm (D:1)
  2 goblins (D:1)
  A hobgoblin (D:1)
  2 kobolds (D:1)
  3 rats (D:1)
10 creatures vanquished.

Notes
Turn   | Place    | Note
-------+----------+-------------------------------------------
     0 | D:1      | qw the Barachi Chaos Knight began the quest for the Orb.
     0 | D:1      | Reached XP level 1. HP: 18/18 MP: 1/1
     0 | D:1      | 0 ||| qw: Version: 0.1-a-103-gd6f5d3a
     0 | D:1      | 0 ||| qw: Game counter: 5426
     0 | D:1      | 0 ||| qw: Always use a shield: true
     0 | D:1      | 0 ||| qw: God list: Okawaru
     0 | D:1      | 0 ||| qw: Allow faded altars: false
     0 | D:1      | 0 ||| qw: Do Orc after D:15 true
     0 | D:1      | 0 ||| qw: Do second Lair branch before Depths: true
     0 | D:1      | 0 ||| qw: Lair rune preference: random
     0 | D:1      | 0 ||| qw: Plans: Normal
     0 | D:1      | 0 ||| PLANNING D:1-11
     0 | D:1      | Fell from the grace of Xom
   164 | D:1      | Found a faded altar of an unknown god.
   260 | D:1      | 260 ||| Stepping ~*~*~tactically~*~*~ (stealth).
   263 | D:1      | 263 ||| Stepping ~*~*~tactically~*~*~ (hiding).
   264 | D:1      | 264 ||| Stepping ~*~*~tactically~*~*~ (hiding).
   265 | D:1      | 265 ||| Stepping ~*~*~tactically~*~*~ (hiding).
   270 | D:1      | 270 ||| Stepping ~*~*~tactically~*~*~ (hiding).
   277 | D:1      | Reached skill level 4 in Axes
   277 | D:1      | Reached XP level 2. HP: 24/24 MP: 2/2
   340 | D:1      | 340 ||| DROPPING +0 club.
   376 | D:1      | XOM: summons 4 hostile demons
   377 | D:1      | Noticed a hellwing
   377 | D:1      | Noticed a rust devil
   377 | D:1      | Noticed a crimson imp
   379 | D:1      | HP: 6/24 [hellwing[Xom] (11)]
   379 | D:1      | Mangled by a hellwing

Levels and vault maps discovered:
D:1:      matt_arrival_grand_opening, layout_rooms,
          shapermc_ecumenical_altar_totnotflames, amethyst_killhole

Skill      XL: |  1 |
---------------+----+-----
Axes           | 4 |  4.1
Fighting       | |  3.6
Armour         | |  2.4
Dodging        | |  1.1

Action                   || total
-------------------------++-------
Melee: Hand axe          ||    19
Invok: Renounce Religion ||     1
Armor: Leather armour    ||     5
Dodge: Dodged            ||     8

Table legend:
 A = Non-vault XP
 B = Vault XP
 C = Vault XP percentage of total XP
 D = Non-vault monster count
 E = Vault monster count
 F = Vault count percentage of total count
                 A         B        C        D         E       F
            +---------+---------+-------+---------+---------+-------
      Total |      17 |       0 |   0.0 |      10 |       0 |   0.0
            +---------+---------+-------+---------+---------+-------
        D:1 |      17 |       0 |   0.0 |      10 |       0 |   0.0
            +---------+---------+-------+---------+---------+-------
